[ AOE2 MATCH · #505932573 ]
UnrankedPoles vs Goths
Player's team · LOSS
Rival team · WIN
[ REPLAY ANALYSIS · EXTRACTED FROM THE RECORDED GAME ]
Feudal
9:17
Castle
20:35
Imperial
—
| APM avg | 57.7 |
| APM peak | 96 |
| eAPM avg | 27.8 |
| Villagers / military | 137 / 23 |
Focus
⚔️ 34.7% · 🌾 65.3%
Mangonel ×11 · Scout Cavalry ×10 · Spearman ×2
Feudal
11:10
Castle
20:02
Imperial
—
| APM avg | 92.7 |
| APM peak | 131 |
| eAPM avg | 39.0 |
| Villagers / military | 138 / 82 |
Focus
⚔️ 46.4% · 🌾 53.6%
Huskarl ×32 · Archer ×31 · Militia ×8 · Spearman ×7 · Mangonel ×2 · Battering Ram ×2
Match map
Initial resources + every placement click. Lines = walls · curves = elevation contours. ◆ gold · ⬟ stone · ● berries · ✦ relic · ◌ wall gap
Your base· ✓ Closed at 20:35 · 68t walls · 2 gate(s)
carbine's base· Open — 4t gap
Smoothed initial terrain · ◌ = detected wall gap · hover for details
Inputs per minute
— Hannibal - - carbine
Build order — Hannibal
First 150 of 269 actions detected
| 0:00 | Queue | Villager (Male) |
| 0:01 | Queue | Villager (Male) |
| 0:02 | Build | House |
| 0:17 | Queue | Villager (Male) |
| 0:17 | Queue | Villager (Male) |
| 0:47 | Build | Mill |
| 0:52 | Build | Mill |
| 1:39 | Queue | Villager (Male) |
| 2:00 | Queue | Villager (Male) |
| 2:23 | Queue | Villager (Male) |
| 2:43 | Queue | Villager (Male) |
| 3:09 | Queue | Villager (Male) |
| 3:28 | Queue | Villager (Male) |
| 3:31 | Build | House |
| 3:48 | Queue | Villager (Male) |
| 4:04 | Build | Lumber Camp |
| 4:12 | Queue | Villager (Male) |
| 4:13 | Queue | Villager (Male) |
| 4:49 | Queue | Villager (Male) |
| 4:52 | Queue | Villager (Male) |
| 5:34 | Queue | Villager (Male) |
| 6:05 | Build | Mill |
| 6:09 | Build | Mill |
| 6:09 | Queue | Villager (Male) |
| 6:42 | Research | Loom |
| 7:03 | Research | Feudal Age |
| 7:55 | Build | Barracks |
| 8:11 | Build | Palisade Wall |
| 8:12 | Build | Palisade Wall |
| 8:17 | Build | Palisade Wall |
| 8:19 | Build | Palisade Wall |
| 8:21 | Build | Palisade Wall |
| 8:31 | Build | Palisade Wall |
| 8:32 | Build | Palisade Wall |
| 8:40 | Build | Palisade Wall |
| 8:41 | Build | Palisade Wall |
| 8:42 | Build | Palisade Wall |
| 8:44 | Build | Palisade Wall |
| 8:46 | Build | Palisade Wall |
| 8:51 | Build | House |
| 8:52 | Build | Palisade Wall |
| 8:53 | Build | Palisade Wall |
| 9:14 | Queue | Villager (Male) |
| 9:17 | Age | Feudal Age |
| 9:19 | Queue | Villager (Male) |
| 9:27 | Build | Palisade Gate |
| 9:57 | Build | Stable |
| 10:01 | Queue | Villager (Male) |
| 10:16 | Build | House |
| 10:22 | Research | Double-Bit Axe |
| 10:23 | Research | Double-Bit Axe |
| 10:24 | Queue | Villager (Male) |
| 10:33 | Queue | Villager (Male) |
| 10:34 | Queue | Villager (Male) |
| 10:36 | Build | House |
| 10:39 | Queue | Scout Cavalry |
| 10:39 | Queue | Scout Cavalry |
| 10:55 | Build | Palisade Wall |
| 11:00 | Research | Horse Collar |
| 11:01 | Queue | Villager (Male) |
| 11:04 | Queue | Villager (Male) |
| 11:10 | Build | Palisade Wall |
| 11:26 | Build | Farm |
| 11:29 | Build | Farm |
| 11:32 | Queue | Scout Cavalry |
| 11:39 | Queue | Spearman |
| 11:39 | Queue | Spearman |
| 11:47 | Build | Palisade Wall |
| 11:56 | Build | Farm |
| 12:04 | Queue | Villager (Male) |
| 12:14 | Build | Gate |
| 12:23 | Build | Farm |
| 12:26 | Build | Farm |
| 12:27 | Queue | Scout Cavalry |
| 12:29 | Queue | Villager (Male) |
| 12:39 | Queue | Villager (Male) |
| 12:43 | Build | Farm |
| 12:58 | Build | Mill |
| 13:07 | Queue | Scout Cavalry |
| 13:11 | Build | Farm |
| 13:11 | Build | Farm |
| 13:12 | Build | Farm |
| 13:32 | Queue | Villager (Male) |
| 13:50 | Build | Farm |
| 13:51 | Build | Farm |
| 13:51 | Build | Farm |
| 13:51 | Build | Farm |
| 13:57 | Build | Palisade Wall |
| 14:00 | Queue | Villager (Male) |
| 14:08 | Queue | Villager (Male) |
| 14:14 | Build | House |
| 14:18 | Build | Farm |
| 14:23 | Build | Farm |
| 14:28 | Queue | Villager (Male) |
| 14:40 | Build | Palisade Wall |
| 14:49 | Build | Mining Camp |
| 14:52 | Queue | Villager (Male) |
| 15:08 | Build | Farm |
| 15:10 | Queue | Villager (Male) |
| 15:30 | Queue | Villager (Male) |
| 15:38 | Queue | Villager (Male) |
| 15:46 | Queue | Villager (Male) |
| 15:47 | Research | Wheelbarrow |
| 15:57 | Build | Blacksmith |
| 16:27 | Build | Lumber Camp |
| 16:44 | Build | Farm |
| 17:08 | Build | Farm |
| 17:55 | Research | Castle Age |
| 18:01 | Build | Mining Camp |
| 18:54 | Research | Gold Mining |
| 18:56 | Research | Stone Mining |
| 20:19 | Queue | Scout Cavalry |
| 20:24 | Build | Stone Wall |
| 20:31 | Build | House |
| 20:34 | Build | Stone Wall |
| 20:35 | Age | Castle Age |
| 20:36 | Queue | Villager (Male) |
| 20:39 | Build | Siege Workshop |
| 21:08 | Build | Town Center |
| 21:10 | Queue | Mangonel |
| 21:10 | Queue | Mangonel |
| 21:13 | Research | Town Watch |
| 21:14 | Queue | Villager (Male) |
| 21:30 | Build | Town Center |
| 21:33 | Build | Stone Wall |
| 21:35 | Build | Stone Wall |
| 21:46 | Queue | Villager (Male) |
| 21:58 | Queue | Villager (Male) |
| 22:06 | Queue | Villager (Male) |
| 22:07 | Queue | Villager (Male) |
| 22:13 | Queue | Villager (Male) |
| 22:22 | Queue | Villager (Male) |
| 22:23 | Queue | Villager (Male) |
| 22:28 | Queue | Villager (Male) |
| 22:32 | Queue | Villager (Male) |
| 22:34 | Queue | Mangonel |
| 22:41 | Queue | Villager (Male) |
| 22:41 | Queue | Villager (Male) |
| 22:48 | Queue | Scout Cavalry |
| 22:48 | Queue | Scout Cavalry |
| 23:18 | Queue | Scout Cavalry |
| 23:34 | Queue | Villager (Male) |
| 23:34 | Queue | Villager (Male) |
| 23:55 | Queue | Villager (Male) |
| 24:04 | Build | Town Center |
| 24:28 | Build | Palisade Gate |
| 24:51 | Queue | Villager (Male) |
| 25:03 | Queue | Mangonel |
| 25:10 | Queue | Villager (Male) |
| 25:12 | Queue | Mangonel |
Build order — carbine
First 150 of 341 actions detected
| 0:00 | Queue | Villager (Male) |
| 0:00 | Queue | Villager (Male) |
| 0:01 | Build | House |
| 0:02 | Build | House |
| 0:12 | Queue | Villager (Male) |
| 0:16 | Queue | Villager (Male) |
| 1:27 | Queue | Villager (Male) |
| 1:59 | Queue | Villager (Male) |
| 2:12 | Build | Lumber Camp |
| 2:15 | Queue | Villager (Male) |
| 2:35 | Queue | Villager (Male) |
| 3:06 | Queue | Villager (Male) |
| 3:19 | Build | Palisade Gate |
| 3:24 | Queue | Villager (Male) |
| 4:04 | Build | House |
| 4:06 | Queue | Villager (Male) |
| 4:08 | Queue | Villager (Male) |
| 4:26 | Queue | Villager (Male) |
| 4:37 | Build | Barracks |
| 4:40 | Build | Barracks |
| 4:56 | Research | Loom |
| 5:01 | Queue | Villager (Male) |
| 5:14 | Queue | Villager (Male) |
| 5:21 | Queue | Villager (Male) |
| 5:24 | Queue | Villager (Male) |
| 5:25 | Queue | Villager (Male) |
| 5:37 | Queue | Villager (Male) |
| 5:45 | Queue | Villager (Male) |
| 5:49 | Queue | Militia |
| 5:49 | Queue | Militia |
| 5:52 | Queue | Villager (Male) |
| 6:05 | Queue | Militia |
| 6:05 | Queue | Militia |
| 6:08 | Queue | Villager (Male) |
| 6:10 | Build | House |
| 6:11 | Queue | Villager (Male) |
| 6:21 | Queue | Villager (Male) |
| 6:23 | Queue | Villager (Male) |
| 6:33 | Queue | Villager (Male) |
| 6:39 | Queue | Villager (Male) |
| 6:53 | Queue | Villager (Male) |
| 7:02 | Build | Mill |
| 7:03 | Queue | Villager (Male) |
| 7:04 | Build | House |
| 7:06 | Queue | Villager (Male) |
| 7:11 | Build | Mill |
| 7:20 | Queue | Militia |
| 7:22 | Queue | Villager (Male) |
| 7:32 | Queue | Villager (Male) |
| 7:37 | Queue | Villager (Male) |
| 7:43 | Queue | Villager (Male) |
| 7:46 | Queue | Villager (Male) |
| 7:59 | Build | House |
| 7:59 | Build | Palisade Wall |
| 8:08 | Queue | Villager (Male) |
| 8:29 | Queue | Villager (Male) |
| 8:57 | Research | Feudal Age |
| 9:17 | Queue | Villager (Male) |
| 9:45 | Queue | Villager (Male) |
| 9:54 | Build | Mining Camp |
| 10:04 | Queue | Villager (Male) |
| 10:18 | Build | Palisade Wall |
| 10:23 | Build | House |
| 10:24 | Build | Palisade Wall |
| 10:27 | Queue | Villager (Male) |
| 10:31 | Build | Farm |
| 10:33 | Queue | Villager (Male) |
| 10:35 | Build | Farm |
| 10:39 | Queue | Militia |
| 10:39 | Queue | Militia |
| 10:43 | Build | Palisade Wall |
| 10:46 | Build | Palisade Wall |
| 10:47 | Build | Palisade Wall |
| 10:48 | Queue | Villager (Male) |
| 10:51 | Queue | Villager (Male) |
| 10:55 | Build | Palisade Wall |
| 10:56 | Build | Palisade Wall |
| 11:04 | Build | Farm |
| 11:08 | Queue | Militia |
| 11:10 | Age | Feudal Age |
| 11:28 | Research | Man-at-Arms (upgrade) |
| 11:31 | Research | Double-Bit Axe |
| 11:37 | Queue | Villager (Male) |
| 11:40 | Build | Farm |
| 11:51 | Queue | Villager (Male) |
| 11:56 | Queue | Spearman |
| 12:00 | Queue | Villager (Male) |
| 12:25 | Queue | Spearman |
| 12:29 | Build | Farm |
| 12:35 | Build | House |
| 12:43 | Queue | Villager (Male) |
| 12:47 | Queue | Spearman |
| 13:30 | Queue | Villager (Male) |
| 13:34 | Queue | Villager (Male) |
| 13:45 | Queue | Villager (Male) |
| 13:47 | Queue | Villager (Male) |
| 13:48 | Build | Farm |
| 13:49 | Build | Farm |
| 13:51 | Build | Watch Tower |
| 13:52 | Queue | Villager (Male) |
| 14:02 | Queue | Villager (Male) |
| 14:04 | Build | Farm |
| 14:16 | Build | Farm |
| 14:24 | Queue | Villager (Male) |
| 14:38 | Queue | Villager (Male) |
| 14:44 | Build | Lumber Camp |
| 14:50 | Queue | Villager (Male) |
| 15:11 | Build | Farm |
| 15:25 | Queue | Villager (Male) |
| 15:40 | Build | Archery Range |
| 15:41 | Queue | Villager (Male) |
| 15:46 | Build | Palisade Wall |
| 15:51 | Queue | Villager (Male) |
| 15:57 | Queue | Villager (Male) |
| 15:59 | Build | House |
| 16:02 | Queue | Villager (Male) |
| 16:06 | Queue | Villager (Male) |
| 16:11 | Queue | Villager (Male) |
| 16:14 | Build | Farm |
| 16:17 | Build | Farm |
| 16:27 | Build | Archery Range |
| 16:38 | Build | Farm |
| 16:53 | Queue | Villager (Male) |
| 16:55 | Build | Blacksmith |
| 17:09 | Queue | Archer |
| 17:22 | Research | Castle Age |
| 17:23 | Queue | Archer |
| 17:27 | Queue | Villager (Male) |
| 17:38 | Queue | Archer |
| 17:44 | Build | House |
| 17:47 | Build | House |
| 17:52 | Queue | Villager (Male) |
| 17:54 | Build | Farm |
| 17:58 | Queue | Archer |
| 18:01 | Research | Gold Mining |
| 18:04 | Research | Horse Collar |
| 18:06 | Queue | Archer |
| 18:08 | Queue | Spearman |
| 18:12 | Build | Farm |
| 18:13 | Build | Farm |
| 18:16 | Queue | Archer |
| 18:21 | Queue | Villager (Male) |
| 18:24 | Queue | Villager (Male) |
| 18:43 | Queue | Archer |
| 18:44 | Queue | Villager (Male) |
| 18:46 | Queue | Spearman |
| 19:01 | Queue | Archer |
| 19:07 | Queue | Villager (Male) |
| 19:16 | Queue | Villager (Male) |
| 19:20 | Build | Mining Camp |
Match timeline
| 4:37 | carbine · first_building Barracks |
| 7:55 | Hannibal · first_building Barracks |
| 7:59 | carbine · wall_segment Palisade Wall x3 |
| 8:11 | Hannibal · wall_segment Palisade Wall x1 |
| 8:12 | Hannibal · wall_segment Palisade Wall x1 |
| 8:17 | Hannibal · wall_segment Palisade Wall x1 |
| 8:19 | Hannibal · wall_segment Palisade Wall x1 |
| 8:21 | Hannibal · wall_segment Palisade Wall x1 |
| 8:31 | Hannibal · wall_segment Palisade Wall x1 |
| 8:32 | Hannibal · wall_segment Palisade Wall x1 |
| 8:40 | Hannibal · wall_segment Palisade Wall x1 |
| 8:41 | Hannibal · wall_segment Palisade Wall x1 |
| 8:42 | Hannibal · wall_segment Palisade Wall x1 |
| 8:44 | Hannibal · wall_segment Palisade Wall x1 |
| 8:46 | Hannibal · wall_segment Palisade Wall x1 |
| 8:52 | Hannibal · wall_segment Palisade Wall x1 |
| 8:53 | Hannibal · wall_segment Palisade Wall x1 |
| 9:17 | Hannibal · age_up feudal |
| 9:57 | Hannibal · first_building Stable |
| 10:18 | carbine · wall_segment Palisade Wall x5 |
| 10:24 | carbine · wall_segment Palisade Wall x2 |
| 10:43 | carbine · wall_segment Palisade Wall x1 |
| 10:46 | carbine · wall_segment Palisade Wall x3 |
| 10:47 | carbine · wall_segment Palisade Wall x1 |
| 10:55 | carbine · wall_segment Palisade Wall x10 |
| 10:55 | Hannibal · wall_segment Palisade Wall x8 |
| 10:56 | carbine · wall_segment Palisade Wall x3 |
| 11:10 | Hannibal · wall_segment Palisade Wall x1 |
| 11:10 | carbine · age_up feudal |
| 11:47 | Hannibal · wall_segment Palisade Wall x5 |
| 13:57 | Hannibal · wall_segment Palisade Wall x28 |
| 14:40 | Hannibal · wall_segment Palisade Wall x6 |
| 15:40 | carbine · first_building Archery Range |
| 15:46 | carbine · wall_segment Palisade Wall x1 |
| 20:02 | carbine · age_up castle |
| 20:24 | Hannibal · wall_segment Stone Wall x1 |
| 20:34 | Hannibal · wall_segment Stone Wall x5 |
| 20:35 | Hannibal · age_up castle |
| 20:39 | Hannibal · first_building Siege Workshop |
| 21:33 | Hannibal · wall_segment Stone Wall x1 |
| 21:35 | Hannibal · wall_segment Stone Wall x1 |
| 25:28 | Hannibal · first_building Monastery |
| 25:30 | carbine · first_building Castle |
| 25:40 | carbine · first_building Siege Workshop |
| 32:39 | carbine · first_market_buy 500 food |
| 34:00 | Hannibal · first_building Castle |
| 34:39 | Hannibal · resign |
[ AI ANALYSIS · 1 CREDIT ]
What really happened in this match?
Wolo.gg analyzes every decision: build order, eco, micro, common mistakes by bracket. Personalized analysis on WhatsApp or Discord in 30 seconds.
Civ guide
Poles
Perfil
Jugador #1350868